 Dungeon Crawl Stone Soup version 0.29.1-1-gd02db6906a (webtiles) character file.

Game seed: 4132304711116525471

12 hawla the Firebug (level 2, 0/20 HPs)
             Began as a Meteoran Fire Elementalist on Oct 13, 2022.
             Slain by a hobgoblin (4 damage)
             ... on level 1 of the Dungeon.
             The game lasted 00:01:03 (208 turns).

hawla the Firebug (Meteoran Fire Elementalist)       Turns: 208, Time: 00:01:04

Health: 0/20       AC:  2    Str:  9    XL:     2   Next: 64%
Magic:  1/6        EV: 12    Int: 16    God:
Gold:   0          SH:  0    Dex: 14    Spells: 3/6 levels left

rFire   . . .      SeeInvis .   (no weapon)
rCold   . . .      Faith    .   (no shield)
rNeg    . . .      Spirit   .   a - +0 robe
rPois   .          Reflect  .   (no helmet)
rElec   .          Harm     .   (no cloak)
rCorr   .          Rampage  .   (no gloves)
Will    .....                   (no boots)
Stlth   +.........              (no amulet)
HPRegen 0.06/turn               (no ring)
MPRegen 0.10/turn               (no ring)

@: glowing
A: sense surroundings 1, otherworldly, glowing, explore regen
a: no special abilities


You were on level 1 of the Dungeon.
You visited 1 branch of the dungeon, and saw 1 of its levels.

Inventory:

Armour
 a - a +0 robe (worn)
Scrolls
 c - a scroll of fear {unknown}
 d - a scroll of immolation {unknown}


   Skills:
 + Level 2.7 Dodging
 - Level 1.4 Stealth
 + Level 2.8 Spellcasting
 + Level 1.4 Conjurations
 + Level 4.1 Fire Magic


You had 3 spell levels left.
You knew the following spells:

 Your Spells              Type           Power      Damage    Failure   Level
a - Foxfire               Conj/Fire      44%        2x1d6     6%          1
b - Scorch                Fire           30%        2d6       5%          2

Your spell library contained the following spells:

 Spells                   Type           Power      Damage    Failure   Level
 Conjure Flame            Conj/Fire      11%        6-21      19%         3
 Inner Flame              Hex/Fire       8%         N/A       24%         3
 Ensorcelled Hibernation  Hex/Ice        4%         N/A       28%         2
 Passwall                 Tmut/Erth      1%         N/A       28%         2
 Swiftness                Air            2%         N/A       50%         3
 Flame Wave               Conj/Fire      11%        2d6       52%         4


Dungeon Overview and Level Annotations

Branches:
Dungeon (1/15) Zot: 390

Altars:


Innate Abilities, Weirdness & Mutations

You passively map a small area around you.
You are easily found by Zot.
You glow in the dark.
You regain HP and MP as you explore.


Message History

The bat hits you but does no damage. The bat hits you.
The hobgoblin misses you. The hobgoblin attacks as you move away!
The hobgoblin barely misses you. The bat hits you. The hobgoblin hits you.
* * * LOW HITPOINT WARNING * * *
The bat hits you but does no damage.
You see here a +0 club.
The bat hits you.
* * * LOW HITPOINT WARNING * * *
The endoplasm closely misses you.
It was a potion of heal wounds.
You feel much better. The bat hits you but does no damage.
The hobgoblin hits you. The endoplasm freezes you.
You are frozen.
Magic courses through your body. The bat hits you but does no damage. x2
The endoplasm freezes you.
You are frozen.
The hobgoblin hits you but does no damage. x2
Casting: Foxfire (safe; 6% risk of failure)
Confirm with . or Enter, or press ? or * to list all spells.
Flames lash the hobgoblin.
You kill the hobgoblin!
The bat hits you but does no damage. The endoplasm closely misses you.
The hobgoblin hits you.
Casting: Scorch (safe; 5% risk of failure)
Confirm with . or Enter, or press ? or * to list all spells.
You conjure some foxfire!
The bat hits you. The endoplasm barely misses you. The hobgoblin hits you.
* * * LOW HITPOINT WARNING * * *
Casting: Foxfire (safe; 6% risk of failure)
Confirm with . or Enter, or press ? or * to list all spells.
Flames lash the endoplasm.
The endoplasm is almost dead.
The endoplasm's fire resistance burns away.
The foxfire hits the hobgoblin.
The hobgoblin is almost dead.
The foxfire hits the bat.
You kill the bat!
The endoplasm closely misses you. The hobgoblin hits you.
You die...

.♣♣P...##.# ,
....PP_.♣...#.# ,*
....♣♣P..P†.#.#
...PP♣.♣♣...#.# *
##.P....P..)#.######
...................#, *
#....†.....#.####.#.##
#......J.....# #.#.#~♣
#.....@g...### #.#.~♣⌠
#..........# #.#.#~♣
#..........# #.#...~ *
*#####.###########.###.~
, , ,... ........>.....~
, * ###. ########..####~
,, #. ###..####~ *
#.########......#~P ,,,
..............~P⌠


You could see an endoplasm (combustible) and a hobgoblin.

Vanquished Creatures
  A dart slug (D:1)
  An endoplasm (D:1)
  2 goblins (D:1)
  2 hobgoblins (D:1)
  2 ball pythons (D:1)
  3 bats (D:1)
  A kobold (D:1)
12 creatures vanquished.

Vanquished Creatures (others)
  21 foxfires (D:1)
  2 fungi (D:1)
  A plant (D:1)
24 creatures vanquished.

Grand Total: 36 creatures vanquished

Notes
Turn   | Place    | Note
-------+----------+-------------------------------------------
     0 | D:1      | hawla the Meteoran Fire Elementalist began the quest for
                  | the Orb.
     0 | D:1      | Reached XP level 1. HP: 14/14 MP: 5/5
    67 | D:1      | Reached XP level 2. HP: 12/20 MP: 2/6
    72 | D:1      | Learned a level 2 spell: Scorch
   187 | D:1      | Found a faded altar of an unknown god.
   192 | D:1      | Reached skill level 4 in Fire Magic
   208 | D:1      | Slain by a hobgoblin

Illustrated notes

Levels and vault maps discovered:
D:1:      ldierk_water_garden, layout_basic, dreamdust_ecumenical_altar_grove

Skill      XL: |  1  2 |
---------------+-------+-----
Fire Magic     | 4 |  4.1
Dodging        | |  2.7
Stealth        | |  1.4
Spellcasting   | |  2.8
Conjurations   | |  1.4

Action                   || total
-------------------------++-------
Melee: Unarmed           ||     5
 Cast: Foxfire           ||    14
       Scorch            ||     4
  Use: Potion            ||     2
Armor: Robe              ||    18
Dodge: Dodged            ||    18
